Map: Torches LE

Players

herO - Winner!

  • Race: Protoss Protoss
  • League: Grandmaster
  • Spawn Location: 5:00

ByuN

  • Race: Terran Terran
  • League: Master
  • Spawn Location: 1:00

VOD

Have the link to the VOD?

Description

Time

  • Played on: June 3, 2025, 9:23 p.m.
  • Length: 8:59
Show
View Real Time Build Order
Export as new Build Order

herO Protoss - Winner!

Build Orders: 1 Gate Expand, Phoenix Opening, Blink Stalkers 

Get SALT Encoding   

  12  0:00  Probe  
  13  0:12  Probe  
  14  0:17  Pylon  
  14  0:23  Probe  
  15  0:32  Probe  
  15  0:36  Gateway  
  15  0:40  Probe  
  16  0:46  Assimilator  
  17  0:52  Probe  
  18  1:04  Probe  
  19  1:16  Probe  
  20  1:21  Nexus  
  20  1:30  Cybernetics Core  
  20  1:33  Probe  
  20  1:39  Assimilator  
  21  1:45  Probe  
  22  1:49  Pylon  
  22  1:55  Stalker  
  22  1:57  Probe  
  23  2:06  Warp Gate  
  25  2:10  Probe  
  26  2:16  Shield Battery  
  26  2:22  Probe  
  27  2:24  Sentry  
  29  2:31  Probe  
  29  2:34  Probe  
  29  2:36  Twilight Council  
  31  2:39  Probe  
  31  2:43  Stalker  
  32  2:47  Probe  
  32  2:48  Probe  
  36  2:59  Probe, Shield Battery  
  36  3:00  Probe  
  36  3:02  Stalker  
  36  3:04  Blink, Phoenix  
  38  3:17  Probe  
  38  3:18  Probe  
  39  3:29  Probe  
  39  3:30  Probe  
  39  3:31  Stalker  
  43  3:36  Pylon  
  43  3:41  Probe  
  43  3:43  Probe  
  43  3:46  Gateway  
  45  3:53  Probe  
  45  3:55  Probe  
  47  4:02  Gateway x2  
  47  4:07  Probe x2  
  47  4:09  Pylon  
  49  4:11  Phoenix  
  49  4:14  Stalker  
  51  4:21  Gateway  
  51  4:29  Gateway  
  49  4:40  Stalker x2  
  49  4:43  Probe x2  
  49  4:45  Assimilator  
  55  4:51  Forge  
  55  4:56  Probe, Charge  
  55  4:57  Pylon  
  56  5:10  Nexus  
  56  5:12  Pylon  
  56  5:17  Probe x2  
  56  5:20  Zealot x2, Sentry  
  64  5:29  Probe x2  
  64  5:31  Protoss Ground Weapons Level 1, Phoenix  
  64  5:34  Assimilator  
  66  5:36  Templar Archives  
  66  5:39  Shield Battery  
  66  5:41  Probe x2  
  68  5:49  Psionic Storm  
  68  5:51  Pylon  
  70  5:59  Zealot x4  
  76  6:05  Gateway  
  76  6:06  Gateway  
  78  6:16  High Templar  
  78  6:20  Probe x2  
  80  6:27  Probe  
  80  6:28  Zealot x2, High Templar  
  87  6:34  Probe x2  
  90  6:40  Probe  
  90  6:46  Shield Battery, Pylon, High Templar  
  90  6:47  Zealot  
  90  6:48  Zealot x2  
  90  6:52  Zealot  
  98  7:03  Stalker  
  98  7:04  Stalker x2  
  104  7:08  Zealot  
  104  7:09  Zealot  
  104  7:10  Pylon  
  108  7:18  Stalker  
  108  7:20  Probe  
  108  7:21  Probe  
  108  7:29  Pylon  
  108  7:30  Zealot x2, High Templar x2  
  116  7:39  Pylon  
  116  7:40  Forge, Pylon  
  116  7:41  Probe  
  117  7:47  Probe x2  
  117  7:48  Pylon  
  111  8:01  Zealot x6  
  111  8:04  Zealot  
  97  8:22  Archon  
  97  8:24  Zealot x7  
  103  8:28  Zealot  
  100  8:40  Robotics Facility  
  97  8:45  Nexus  
  97  8:48  High Templar x3  
  103  8:49  Pylon  
Show
View Real Time Build Order
Export as new Build Order

ByuN Terran 

Build Orders:  

Get SALT Encoding   

  12  0:00  SCV  
  13  0:12  SCV  
  14  0:17  Supply Depot  
  14  0:24  SCV  
  15  0:38  SCV  
  16  0:43  Barracks  
  16  0:44  Refinery  
  16  0:50  SCV  
  17  1:00  Barracks  
  17  1:04  SCV  
  18  1:16  SCV  
  19  1:30  Reaper, Orbital Command  
  20  1:45  Supply Depot  
  20  1:47  Reaper  
  21  1:57  SCV  
  22  2:03  Reaper  
  23  2:09  SCV  
  24  2:18  Refinery  
  24  2:19  Command Center  
  25  2:25  SCV  
  26  2:37  SCV  
  26  2:40  Factory  
  26  2:47  Supply Depot  
  26  2:49  SCV  
  27  2:56  Barracks Reactor  
  27  2:57  Barracks Tech Lab  
  27  3:01  SCV  
  28  3:13  SCV  
  28  3:25  SCV  
  28  3:27  Factory Tech Lab  
  28  3:28  Marauder  
  28  3:31  Orbital Command  
  28  3:32  Barracks  
  28  3:33  Concussive Shells, Marine  
  30  3:34  Marine  
  30  3:37  SCV  
  32  3:44  Engineering Bay  
  32  3:47  Siege Tank  
  35  3:49  Marauder  
  35  3:51  SCV  
  35  3:53  Marine  
  35  3:55  Marine  
  40  4:00  SCV  
  41  4:03  SCV  
  42  4:10  Marine, Terran Infantry Weapons Level 1  
  42  4:12  SCV  
  42  4:15  SCV  
  42  4:16  Marine x2  
  47  4:18  Supply Depot  
  50  4:28  SCV x2  
  50  4:30  Starport  
  48  4:38  Marine  
  48  4:39  Refinery, Marine  
  48  4:40  SCV x2, Stimpack  
  48  4:41  Marine  
  48  4:42  Marine  
  54  4:47  Factory Reactor  
  54  4:52  Supply Depot, SCV x2  
  56  5:00  Marine x2  
  56  5:04  SCV x2  
  60  5:07  Marauder  
  60  5:09  Supply Depot  
  60  5:14  Marauder  
  64  5:16  Supply Depot  
  64  5:17  Refinery  
  64  5:18  Supply Depot  
  64  5:19  Marine  
  64  5:20  Marine  
  66  5:25  SCV  
  66  5:37  SCV, Marauder  
  66  5:38  SCV, Marauder  
  66  5:41  Medivac x2  
  76  5:43  Combat Shield  
  77  5:50  SCV x2, Supply Depot  
  77  5:53  Marine x2  
  80  6:02  SCV x2  
  80  6:04  Terran Infantry Armor Level 1  
  82  6:05  Marauder  
  82  6:06  Marauder  
  86  6:13  Marine x2  
  86  6:14  SCV x2  
  86  6:17  Supply Depot  
  92  6:27  Marauder  
  94  6:39  Marine x2  
  98  6:40  Medivac x2  
  98  6:41  Factory Reactor  
  98  6:42  SCV x2  
  98  6:45  Supply Depot  
  102  6:51  Marauder  
  102  6:52  Command Center, Marauder  
  104  6:55  SCV x2  
  105  7:05  Marine  
  105  7:06  Marine  
  107  7:13  Marauder x2  
  110  7:19  Widow Mine  
  110  7:20  SCV  
  110  7:23  SCV  
  110  7:25  Marine  
  110  7:26  Marine  
  110  7:29  Ghost Academy  
  111  7:30  Barracks  
  111  7:31  Barracks  
  111  7:32  Widow Mine  
  111  7:34  SCV  
  111  7:35  SCV  
  115  7:37  Medivac  
  115  7:40  Medivac  
  115  7:41  Widow Mine  
  121  7:47  SCV x2  
  114  7:59  SCV x2  
  114  8:03  Marauder x2, Marine x2  
  118  8:07  Orbital Command  
  118  8:11  SCV  
  118  8:12  SCV  
  110  8:23  SCV  
  110  8:24  SCV, Ghost  
  110  8:26  Marauder  
  81  8:35  Marine x2  
  81  8:36  SCV x2  
  95  8:49  Barracks Tech Lab x2  
Tags
 
Add a new tag
Caveats
  • Supply blocks, unpowered buildings, or Contaminate may cause inaccurate times.
  • Supply counts are checked every 10 seconds.